Map: Oxide LE

Players

milkicow

  • Race: Terran Terran
  • League: Grandmaster
  • Spawn Location: 7:00

SortOf - Winner!

  • Race: Zerg Zerg
  • League: Grandmaster
  • Spawn Location: 1:00

Event: DreamHack SC2 Masters 2020 Winter

VOD

Have the link to the VOD?

Description

Time

  • Played on: Oct. 18, 2020, 2:39 p.m.
  • Length: 14:27

All games in this series

Show
View Real Time Build Order
Export as new Build Order

milkicow Terran 

Build Orders: Reaper Expand 

Get SALT Encoding   

  12  0:00  SCV  
  13  0:12  SCV  
  14  0:17  Supply Depot  
  14  0:24  SCV  
  15  0:38  SCV  
  15  0:40  Barracks  
  16  0:44  Refinery  
  16  0:52  SCV  
  17  1:04  SCV  
  18  1:17  SCV  
  19  1:27  Reaper  
  19  1:29  Orbital Command  
  20  1:45  Command Center  
  20  1:55  SCV  
  20  1:57  Supply Depot  
  21  2:01  Marine  
  21  2:07  SCV  
  23  2:13  Factory  
  23  2:19  SCV  
  23  2:22  Barracks Reactor  
  24  2:27  Refinery  
  24  2:31  SCV  
  25  2:43  SCV  
  26  2:55  SCV  
  26  2:57  Starport  
  26  2:58  Orbital Command  
  27  3:06  Hellion x2  
  27  3:07  SCV  
  32  3:16  Supply Depot  
  32  3:19  SCV  
  34  3:24  SCV, Barracks Tech Lab  
  34  3:29  Hellion  
  34  3:31  Hellion  
  34  3:33  SCV  
  39  3:37  Viking  
  39  3:39  SCV  
  42  3:43  Stimpack  
  42  3:45  Marine  
  42  3:46  SCV  
  44  3:51  SCV  
  45  4:00  SCV  
  45  4:02  Barracks  
  46  4:04  Barracks  
  46  4:05  Factory Tech Lab  
  46  4:08  SCV  
  46  4:13  SCV, Starport Reactor  
  47  4:19  Supply Depot  
  47  4:20  SCV  
  47  4:22  Marine  
  47  4:23  Siege Tank  
  52  4:25  SCV  
  53  4:32  SCV  
  53  4:35  Engineering Bay  
  53  4:37  Refinery  
  54  4:38  Supply Depot  
  54  4:40  SCV  
  54  4:42  Marine  
  54  4:44  SCV  
  57  4:51  Marine  
  57  4:52  SCV  
  59  4:56  SCV  
  59  4:59  Marine  
  60  5:00  Marine x2, Siege Tank  
  60  5:03  Terran Infantry Weapons Level 1, Marine  
  60  5:04  SCV  
  60  5:05  Starport Reactor  
  68  5:08  SCV  
  68  5:10  Marine  
  70  5:14  Supply Depot  
  70  5:16  SCV  
  70  5:17  Supply Depot  
  70  5:20  Marine  
  70  5:22  SCV, Marine x2  
  70  5:23  Marine  
  70  5:27  Marine  
  75  5:28  SCV  
  75  5:32  Supply Depot  
  77  5:37  Marine  
  77  5:40  Marine x2  
  82  5:44  Supply Depot, Marine, Medivac x2  
  82  5:46  Combat Shield  
  87  5:57  Siege Tank  
  87  5:58  Marine  
  87  5:59  Command Center  
  87  6:00  Marine  
  87  6:01  SCV  
  90  6:05  SCV  
  90  6:07  Refinery  
  90  6:09  Marine  
  92  6:12  Marine  
  92  6:13  SCV, Marine  
  92  6:17  SCV  
  96  6:21  Medivac x2  
  96  6:23  Marine  
  96  6:25  Marine  
  102  6:29  Marine  
  102  6:30  Marine  
  102  6:32  SCV  
  105  6:35  Supply Depot  
  105  6:39  Marine  
  104  6:43  SCV  
  104  6:46  Marine x2  
  104  6:47  Marine  
  104  6:51  Marine  
  82  6:55  Medivac, Siege Tank  
  82  6:56  SCV, Medivac  
  82  6:57  Marine  
  91  7:03  Marine  
  91  7:04  Marine  
  91  7:05  SCV  
  91  7:06  Marine  
  91  7:08  Terran Infantry Armor Level 1  
  88  7:10  Marine  
  88  7:15  SCV, Marine  
  89  7:19  SCV  
  89  7:21  Marine  
  89  7:22  Marine  
  92  7:27  SCV  
  92  7:28  Barracks  
  92  7:29  Barracks  
  93  7:31  Marine  
  93  7:32  Marine, Siege Tank  
  93  7:34  SCV  
  93  7:36  Orbital Command  
  99  7:39  SCV  
  99  7:43  Marine x2  
  102  7:46  Marine  
  102  7:47  SCV  
  102  7:51  Marine  
  104  7:54  SCV  
  98  7:59  SCV  
  98  8:04  Marine, Siege Tank  
  102  8:07  SCV x2  
  102  8:11  SCV, Marine  
  105  8:17  Barracks x3  
  105  8:19  SCV  
  105  8:20  SCV, Armory  
  105  8:21  Engineering Bay  
  105  8:23  Barracks Reactor x2  
  105  8:24  Marine  
  106  8:27  Marine x2  
  106  8:32  Marine x2  
  106  8:34  SCV  
  111  8:37  SCV  
  111  8:38  SCV  
  113  8:42  Marine  
  113  8:45  Marine x2  
  113  8:47  SCV  
  115  8:48  Siege Tank, Liberator  
  115  8:49  Liberator  
  115  8:50  Supply Depot, Marine x2  
  115  8:52  Supply Depot  
  126  9:00  Marine x2  
  126  9:01  Marine  
  126  9:02  SCV, Marine  
  128  9:03  Marine  
  128  9:06  Marine  
  128  9:07  Supply Depot, Marine x4  
  128  9:08  Supply Depot, Marine x2  
  129  9:10  Supply Depot  
  129  9:11  Terran Infantry Weapons Level 2  
  129  9:12  Terran Infantry Armor Level 2  
  129  9:18  Marine x3  
  129  9:21  Marine  
  129  9:22  Marine  
  129  9:23  Marine  
  126  9:24  Marine  
  126  9:26  Marine  
  126  9:27  Marine  
  129  9:31  Marine  
  129  9:32  Marine  
  129  9:33  Marine  
  129  9:34  Siege Tank  
  129  9:36  Marine x2  
  137  9:40  Marine  
  137  9:42  Marine x3  
  137  9:43  Marine x2  
  137  9:44  Liberator  
  137  9:45  Marine  
  146  9:49  Marine  
  146  9:50  Marine x2  
  150  9:54  Marine x2  
  150  9:57  Marine  
  150  9:59  Marine  
  153  10:00  Marine x2  
  153  10:02  Marine x2  
  153  10:03  Marine  
  159  10:07  Marine  
  159  10:08  Marine  
  159  10:11  Marine  
  159  10:12  Marine  
  162  10:15  Marine  
  162  10:17  Marine  
  162  10:18  Marine x2  
  162  10:20  Marine  
  140  10:22  Marine  
  137  10:28  Marine  
  137  10:29  Marine  
  137  10:30  Marine  
  137  10:31  Orbital Command  
  137  10:33  Marine  
  137  10:35  Marine  
  141  10:37  SCV  
  141  10:38  Marine x3  
  141  10:39  Siege Tank  
  141  10:41  SCV, Marine  
  148  10:46  Marine  
  149  10:57  Supply Depot  
  149  10:58  Supply Depot, Marine x5  
  149  10:59  Marine  
  155  11:06  Marine  
  155  11:07  Marine  
  157  11:13  Supply Depot  
  157  11:17  Marine  
  157  11:18  SCV  
  156  11:20  Marine  
  150  11:26  Marine x2  
  150  11:27  Marine  
  150  11:28  SCV, Marine  
  150  11:31  SCV  
  150  11:32  Marine  
  126  11:33  Siege Tank  
  126  11:34  Marine  
  131  11:42  Medivac x2  
  135  11:47  SCV  
  135  11:50  Command Center  
  135  11:52  Marine  
  135  11:53  Marine  
  137  11:59  Marine x2  
  137  12:00  Marine  
  137  12:01  Marauder  
  142  12:06  SCV  
  142  12:08  Siege Tank  
  143  12:12  Marine  
  128  12:17  SCV  
  128  12:18  SCV  
  128  12:22  Marauder  
  132  12:23  Marine  
  132  12:26  Medivac x2  
  132  12:27  Marine  
  132  12:28  Marine x2  
  136  12:30  SCV  
  136  12:35  Marine x2  
  136  12:37  SCV, Barracks  
  140  12:39  Marine x2  
  140  12:41  Marine  
  143  12:45  SCV  
  143  12:46  SCV  
  143  12:47  Refinery  
  143  12:50  Siege Tank  
  148  12:53  Marine x2  
  148  12:55  Marine  
  151  13:01  Marine  
  151  13:04  Marine  
  151  13:06  SCV  
  151  13:10  Sensor Tower  
  151  13:12  Marauder  
  154  13:14  SCV  
  154  13:18  Liberator x2  
  157  13:24  Orbital Command  
  152  13:31  Siege Tank  
  152  13:32  Marine  
  152  13:33  Marine x4  
  150  13:36  Marine  
  143  13:52  Marauder  
  137  13:56  Marine x3  
  137  13:59  Marine  
  134  14:05  Marine x3  
  134  14:09  SCV  
Show
View Real Time Build Order
Export as new Build Order

SortOf Zerg - Winner!

Build Orders: Hatch First, Lurkers 

Get SALT Encoding   

  12  0:00  Drone  
  13  0:13  Overlord  
  13  0:17  Drone  
  14  0:32  Drone x2  
  16  0:49  Hatchery  
  15  0:53  Drone  
  15  0:56  Drone  
  17  0:59  Drone  
  18  1:13  Extractor  
  18  1:15  Spawning Pool  
  16  1:18  Drone  
  16  1:22  Drone  
  18  1:34  Drone  
  19  1:43  Drone  
  20  1:53  Overlord  
  20  2:01  Queen  
  20  2:02  Zergling x4, Queen  
  26  2:13  Drone x2  
  28  2:23  Overlord  
  28  2:25  Drone  
  29  2:33  Metabolic Boost  
  29  2:36  Drone x2  
  31  2:37  Queen  
  32  2:45  Drone  
  33  2:54  Drone x2  
  33  2:57  Overlord  
  35  3:02  Hatchery  
  34  3:08  Drone x2  
  36  3:13  Drone x3  
  39  3:20  Queen  
  39  3:24  Zergling x4  
  43  3:28  Overlord  
  43  3:36  Drone  
  43  3:37  Queen  
  43  3:41  Drone x2  
  48  3:44  Drone x2  
  48  3:48  Drone x3  
  53  3:58  Drone  
  53  4:01  Drone  
  56  4:02  Drone  
  56  4:03  Drone  
  56  4:08  Drone  
  58  4:13  Queen  
  58  4:15  Queen  
  58  4:16  Overlord  
  62  4:17  Drone x2  
  62  4:21  Overlord  
  62  4:22  Zergling x4  
  66  4:26  Overlord  
  66  4:27  Overlord  
  66  4:30  Overlord  
  66  4:31  Overlord  
  66  4:36  Overlord  
  66  4:38  Evolution Chamber x2  
  64  4:40  Drone x3  
  67  4:47  Drone x2  
  69  4:54  Spore Crawler  
  69  4:55  Drone x2  
  69  4:56  Spore Crawler  
  69  4:57  Spore Crawler  
  68  5:00  Overlord  
  68  5:01  Zergling x10  
  68  5:03  Drone  
  68  5:04  Drone  
  75  5:07  Zerg Melee Weapons Level 1  
  75  5:08  Extractor  
  75  5:12  Drone  
  75  5:15  Drone x4  
  75  5:19  Drone  
  79  5:24  Drone  
  79  5:27  Zerg Ground Armor Level 1  
  79  5:28  Overlord  
  79  5:29  Extractor  
  79  5:30  Drone x2  
  79  5:31  Drone x5  
  79  5:33  Queen  
  87  5:42  Baneling Nest  
  85  5:44  Zergling x12  
  85  5:45  Extractor  
  90  5:54  Overlord  
  90  6:00  Lair  
  90  6:02  Overlord  
  90  6:04  Zergling x10  
  90  6:05  Hatchery  
  94  6:18  Zergling x12  
  99  6:29  Zergling x10  
  104  6:38  Zergling x6, Hatchery  
  104  6:39  Baneling x2  
  105  6:43  Zergling x14  
  108  6:47  Hatchery  
  108  6:53  Drone x5  
  102  6:57  Centrifical Hooks  
  102  7:00  Infestation Pit, Drone x3  
  103  7:02  Zerg Melee Weapons Level 2  
  101  7:13  Zergling x12  
  104  7:24  Hydralisk Den  
  104  7:25  Zergling x10, Extractor  
  104  7:29  Baneling x7  
  107  7:31  Overseer, Extractor  
  106  7:38  Zergling x12  
  106  7:40  Overseer  
  112  7:44  Drone x7  
  117  7:54  Zergling x12  
  117  8:00  Drone  
  117  8:02  Drone  
  117  8:04  Drone  
  115  8:07  Hive  
  115  8:09  Pneumatized Carapace  
  115  8:11  Drone x4  
  115  8:17  Zergling x10  
  115  8:18  Zergling x10  
  125  8:22  Spore Crawler  
  125  8:25  Overseer x2  
  125  8:27  Zergling x12  
  130  8:33  Zergling x2  
  131  8:39  Zergling x10  
  131  8:40  Zergling x4  
  136  8:42  Zerg Ground Armor Level 2  
  136  8:46  Lurker Den  
  128  8:52  Drone x10  
  128  8:54  Extractor  
  128  8:55  Extractor  
  136  9:01  Hydralisk  
  136  9:02  Hydralisk x4  
  140  9:08  Baneling x6  
  143  9:10  Baneling  
  143  9:13  Queen  
  145  9:21  Overlord  
  143  9:32  Hydralisk x2  
  143  9:34  Zergling x2, Overlord x8  
  148  9:43  Viper  
  151  9:52  Zergling x24  
  163  9:57  Lurker x3  
  163  9:58  Seismic Spines  
  163  9:59  Zergling x20  
  174  10:11  Zergling x8  
  166  10:15  Zergling x8  
  147  10:24  Hydralisk x5  
  147  10:28  Zergling x8, Baneling x4  
  140  10:29  Overseer, Baneling x6  
  140  10:33  Hydralisk  
  132  10:35  Zergling x2  
  132  10:36  Zergling x4  
  132  10:37  Viper  
  132  10:39  Drone x3  
  138  10:45  Drone  
  139  10:53  Lurker x3  
  139  11:00  Drone x7  
  145  11:14  Hydralisk x6  
  144  11:32  Hydralisk x7  
  126  11:33  Zergling x2  
  141  11:42  Lurker x2  
  141  11:44  Hydralisk  
  141  11:46  Zergling x16  
  153  11:50  Drone x3  
  152  11:55  Extractor  
  152  11:57  Lurker x2  
  148  12:10  Zergling x16  
  148  12:11  Zergling x4  
  154  12:17  Drone x3  
  154  12:20  Adaptive Talons  
  155  12:30  Zergling x14  
  162  12:38  Lurker  
  162  12:39  Lurker  
  162  12:40  Lurker x3  
  167  12:46  Hydralisk x3  
  173  12:53  Grooved Spines  
  173  12:54  Hydralisk  
  172  13:01  Drone  
  169  13:07  Lurker x2  
  169  13:08  Overlord  
  169  13:10  Zergling x14, Baneling  
  178  13:18  Zergling x6  
  181  13:24  Zergling x20  
  186  13:30  Zergling x2  
  186  13:33  Overseer, Baneling x2  
  181  13:37  Extractor  
  181  13:41  Zergling x16  
  184  13:44  Baneling x2  
  184  13:45  Baneling x10  
  179  13:49  Zergling x6  
  179  13:55  Zergling x14  
  171  14:05  Zergling x10  
Tags
 
Add a new tag
Caveats
  • Supply blocks, unpowered buildings, or Contaminate may cause inaccurate times.
  • Supply counts are checked every 10 seconds.